 Dungeon Crawl Stone Soup version 0.31-a0-705-ga145531891 (webtiles) character file.

Game seed: 11706499890179476587

159 Xavori the Cutter (level 5, 0/37 HPs)
             Began as an Octopode Chaos Knight on Sept 10, 2023.
             Was a Plaything of Xom.
             Slain by a dart slug (1 damage)
             ... on level 3 of the Dungeon.
             The game lasted 00:01:41 (7053 turns).

Xavori the Cutter (Octopode Chaos Knight)           Turns: 7053, Time: 00:01:42

Health: 0/37       AC:  1    Str: 13    XL:     5   Next: 40%
Magic:  5/5        EV: 14    Int: 17    God:    Xom [...*..]
Gold:   108        SH:  0    Dex: 15    Spells: 4/4 levels left

rFire   . . .        a - +0 short sword (chaos)
rCold   . . .        (no shield)
rNeg    . . .        (helmet restricted)
rPois   +            (no amulet)
rElec   .            (no ring)
rCorr   .            (no ring)
SInv    .            (no ring)
Will    +....        (no ring)
Stlth   ++++         (no ring)
HPRegen 0.26/turn    (no ring)
MPRegen 0.09/turn    (no ring)
                     (no ring)

%: clarity
@: no status effects
A: almost no armour, amphibious, 8 rings, camouflage 1, gelatinous body 1,
(nimble swimmer 1), tentacles, beak, agile 1, clarity, clever 1, strong-willed
1, mutation resistance 1, poison resistance, strong 1, wild magic 2, MP-powered
wands
a: Renounce Religion


You were on level 3 of the Dungeon.
You worshipped Xom.
You were a favourite toy of Xom.
You visited 1 branch of the dungeon, and saw 3 of its levels.

You collected 108 gold pieces.

Inventory:

Hand Weapons
 a - a +0 short sword of chaos (weapon)
 d - a +1 dagger of holy wrath
Jewellery
 c - a ring of ice
 e - a ring of fire
Talismans
 h - a serpent talisman
Scrolls
 b - a scroll of butterflies
 g - a scroll of fog {unknown}
 k - a scroll of brand weapon {unknown}
 l - a scroll of vulnerability {unknown}
 m - a scroll of revelation {unknown}
 p - a scroll of enchant weapon {unknown}
Potions
 f - 2 potions of heal wounds {unknown}
 i - a potion of magic {unknown}
 j - a potion of attraction {unknown}
 n - a potion of might {unknown}
 o - a potion of mutation {unknown}


   Skills:
 + Level 3.9 Fighting
 + Level 4.1 Short Blades
 + Level 2.9 Dodging
 + Level 3.7 Stealth


You had 4 spell levels left.
You didn't know any spells.
Your spell library contained the following spells:

 Spells                   Type           Power      Damage    Failure   Level
 Inner Flame              Hex/Fire       0%         N/A       73%         3
 Yara's Violent Unravell  Hex/Tmut       0%         3d3       100%        5
 Enfeeble                 Hex            0%         N/A       100%        7


Dungeon Overview and Level Annotations

Branches:
Dungeon (3/15)

Altars:
Hepliaklqana


Innate Abilities, Weirdness & Mutations

You cannot wear most types of armour.
You are amphibious.
You can wear up to eight rings at the same time.
Your skin changes colour to match your surroundings (Stealth+).
Your rubbery body absorbs attacks. (AC +1, EV +1)
((You are camouflaged when in or above water. (Stealth+)))
You have tentacles for arms and can constrict up to eight enemies at once.
You have a beak for a mouth.
You are agile. (Dex +4, Str/Int -1)
You possess an exceptional clarity of mind.
Your mind is acute. (Int +4, Str/Dex -1)
You are strong-willed. (Will+)
You are somewhat resistant to further mutation.
Your system is resistant to poisons. (rPois)
Your muscles are strong. (Str +4, Int/Dex -1)
Your spells are harder to cast, but more powerful.
You expend magic power (3 MP) to strengthen your wands.


Message History

You hit the adder but do no damage. You peck the adder, but do no damage.
The adder is heavily wounded.
You constrict the adder, but do no damage.
The bat misses you. The adder bites you. The orc closely misses you.
You hit the adder. You freeze the adder.
You kill the adder!
The bat closely misses you. The orc barely misses you.
You hit the hobgoblin. You burn the hobgoblin. Your grab misses the hobgoblin.
The hobgoblin is heavily wounded.
The bat barely misses you. The bat misses you. The hobgoblin hits you.
The orc closely misses you. The bat hits you.
You hit the bat but do no damage.
The bat is poisoned.
Your grab misses the bat. Your peck misses the bat.
Your squeeze misses the bat.
You kill the bat!
The hobgoblin hits you.
The orc hits you from afar with a +0 trident!
The dart slug bites you.
There is an open door, spattered with blood here.
You hit the hobgoblin.
You feel better.
You grab the hobgoblin. You peck the hobgoblin.
You kill the hobgoblin!
The orc hits you from afar with a +0 trident!
* * * LOW HITPOINT WARNING * * *
The dart slug barely misses you.
You are too injured to fight recklessly!
You are too injured to fight recklessly!
You hit the dart slug but do no damage. You grab the dart slug.
You squeeze the dart slug.
The dart slug is moderately wounded.
You constrict the dart slug.
The orc hits you from afar with a +0 trident.
* * * LOW HITPOINT WARNING * * *
Xom is amused.
You release your grip on the dart slug.
The dart slug attacks as it pursues you!
The dart slug bites you.
You die... "Huh?
Did I miss anything?"

....# ..### ..#
#### <.# +#..##
### #...[# # ##+#
...%# ####..##
#o.# ..#...)#
##w# #.'....##
##@.## ####..#'##
##....#
####..###+#'....#
#....##..##..##
#...('....####
##..##....#
######..## ####


You could see a dart slug and an orc.

Vanquished Creatures
  A hound (D:3)
  Terence (D:2)
  Robin (D:2)
  4 adders
  A worm (D:2)
  5 bats
  7 endoplasms
  A giant cockroach (D:2)
  10 goblins
  8 hobgoblins
  2 jackals (D:1)
  A quokka (D:1)
  2 kobolds
  6 rats
50 creatures vanquished.

Vanquished Creatures (collateral kills)
  A goblin (D:2)
1 creature vanquished.

Grand Total: 51 creatures vanquished

Notes
Turn   | Place    | Note
-------+----------+-------------------------------------------
     0 | D:1      | Xavori the Octopode Chaos Knight began the quest for the
                  | Orb.
     0 | D:1      | Reached XP level 1. HP: 16/16 MP: 1/1
     3 | D:1      | XOM: divination: magic mapping
    80 | D:1      | Reached XP level 2. HP: 18/21 MP: 2/2
   416 | D:1      | Found a faded altar of an unknown god.
   471 | D:1      | XOM: silly message
   655 | D:1      | XOM: silly message
   750 | D:1      | XOM is BORED!
   750 | D:1      | XOM: silly message
  1153 | D:2      | Reached XP level 3. HP: 22/26 MP: 3/3
  1158 | D:2      | XOM: silly message
  1762 | D:1      | XOM: scenery: summon butterflies
  1831 | D:1      | XOM: god gift: chain mail {god gift}
  2044 | D:1      | XOM: noise
  2497 | D:1      | XOM: divination: detect items
  2936 | D:1      | XOM is BORED!
  2936 | D:1      | XOM: silly message
  3298 | D:1      | XOM is BORED!
  4127 | D:1      | XOM: give mutations
  4127 | D:1      | Gained mutation: You possess an exceptional clarity of
                  | mind. [Xom's grace]
  4127 | D:1      | Gained mutation: Your system is resistant to poisons.
                  | (rPois) [Xom's grace]
  4331 | D:1      | XOM: give mutations
  4331 | D:1      | Gained mutation: You are somewhat resistant to further
                  | mutation. [Xom's mischief]
  4331 | D:1      | Gained mutation: You have a beak for a mouth. [Xom's
                  | mischief]
  5123 | D:1      | XOM: noise
  5177 | D:1      | XOM: scenery: summon butterflies
  5263 | D:1      | XOM: give mutations
  5263 | D:1      | Gained mutation: Your spells are a little harder to cast,
                  | but a little more powerful. [Xom's grace]
  5263 | D:1      | Gained mutation: You expend magic power (3 MP) to
                  | strengthen your wands. [Xom's grace]
  5263 | D:1      | Gained mutation: Your muscles are strong. (Str +4, Int/Dex
                  | -1) [Xom's grace]
  5263 | D:1      | Gained mutation: Your spells are harder to cast, but more
                  | powerful. [Xom's grace]
  5296 | D:1      | XOM: 2-stop teleportation journey
  5383 | D:1      | XOM: divination: magic mapping
  6029 | D:1      | XOM: silly message
  6089 | D:1      | XOM: summons 2 hostile demons
  6154 | D:2      | XOM: give mutations
  6154 | D:2      | Gained mutation: You are strong-willed. (Will+) [Xom's
                  | grace]
  6154 | D:2      | Gained mutation: You are agile. (Dex +4, Str/Int -1) [Xom's
                  | grace]
  6154 | D:2      | Gained mutation: Your mind is acute. (Int +4, Str/Dex -1)
                  | [Xom's grace]
  6403 | D:2      | Reached skill level 1 in Stealth
  6473 | D:2      | Found a hazy altar of Hepliaklqana.
  6488 | D:2      | Noticed Terence
  6494 | D:2      | XOM: smoke on damage
  6497 | D:2      | Killed Terence
  6498 | D:2      | Reached XP level 4. HP: 23/33 MP: 4/4
  6589 | D:2      | Noticed Robin
  6592 | D:2      | XOM: summons friendly iron imp
  6602 | D:2      | Killed Robin
  6901 | D:3      | XOM: noise
  6987 | D:3      | Reached XP level 5. HP: 36/36 MP: 5/5
  6998 | D:3      | Reached skill level 4 in Short Blades
  7052 | D:3      | HP: 1/37 [orc/+0 trident (4)]
  7053 | D:3      | Slain by a dart slug

Illustrated notes

Levels and vault maps discovered:
D:1:      lemuel_arrival_hallway, layout_rooms,
          hellmonk_ecumenical_altar_inner_sanctum, reono_crystal_passage,
          chequers_serial_rivers_marsh
D:2:      layout_rooms, basic_altar, grunt_ministairs_2, uniq_terence,
          uniq_robin
D:3:      minmay_bubble_buster, layout_basic, mainiacjoe_overflow_24_doors

Skill      XL: |  1  2  3  4  5 |
---------------+----------------+-----
Stealth        | 2 3 |  3.7
Short Blades   | 4 |  4.1
Fighting       | |  3.9
Dodging        | |  2.9

Action                     |  1- 3 |  4- 6 || total
---------------------------+-------+-------++-------
  Melee: Short sword       |    47 |    52 ||    99
         Constrict         |    14 |    15 ||    29
         Tentacles         |    10 |    13 ||    23
         Peck              |     2 |    10 ||    12
         Punch             |       |     1 ||     1
   Stab: Sleeping          |     5 |     3 ||     8
 Armour: Skin              |    26 |    25 ||    51
  Dodge: Dodged            |    23 |    32 ||    55

Table legend: (Time is in decaauts)
 A = Elapsed time spent in this place.
 B = Non-inter-level travel time spent in this place.
 C = Inter-level travel time spent in this place.
 D = Time resting spent in this place.
 E = Time spent auto-exploring this place.
 F = Levels seen in this place.
 G = Mean time per level.
                   A        B        C        D        E       F      G
               +--------+--------+--------+--------+--------+-----+--------+
         Total |   7037 |   6949 |     88 |   5805 |    857 |   3 | 2345.7 |
       Dungeon |   7037 |   6949 |     88 |   5805 |    857 |   3 | 2345.7 |
               +--------+--------+--------+--------+--------+-----+--------+

Top non-repeatable levels by time:
     D:1: 6048 daAuts
     D:2: 841 daAuts
     D:3: 147 daAuts
